 Dungeon Crawl Stone Soup version 0.22.0-6-g71bd7aa (webtiles) character file.

5271 inmateoo the Grappler (level 10, -3/86 HPs)
             Began as a Hill Orc Monk on Aug 15, 2018.
             Was a Priest of Cheibriados.
             Slain by a yak (5 damage)
             ... on level 8 of the Dungeon.
             The game lasted 00:11:54 (9454 turns).

inmateoo the Grappler (Hill Orc Monk)               Turns: 9454, Time: 00:11:54

Health: -3/86      AC:  6    Str: 32    XL:     10   Next: 62%
Magic:  9/14       EV: 17    Int: 19    God:    Cheibriados [***...]
Gold:   574        SH: 12    Dex: 25    Spells: 9/9 levels left

rFire    + + +     SeeInvis .     - Unarmed
rCold    + . .     Gourm    .   a - +0 shield {rC+ rF+}
rNeg     . . .     Faith    .   n - +2 robe of Pride {rF++}
rPois    .         Spirit   .   c - +2 hat
rElec    .         Reflect  .   (no cloak)
rCorr    .         Harm     .   o - +0 pair of gloves
MR       +....                  (no boots)
Stlth    +++.......             (no amulet)
HPRegen  0.24/turn              r - ring of protection from magic
MPRegen  0.14/turn              p - +5 ring of strength

@: agile, very slightly contaminated, very slow
A: horns 1, deformed body, strong 2
a: Bend Time, Temporal Distortion, Renounce Religion


You were on level 8 of the Dungeon.
You worshipped Cheibriados.
Cheibriados was most pleased with you.
You were not hungry.

You visited 2 branches of the dungeon, and saw 9 of its levels.

You collected 619 gold pieces.
You spent 45 gold pieces at shops.

Inventory:

Armour
 a - a +0 shield of resistance (worn)
 c - a +2 hat (worn)
 n - the +2 robe of Pride (worn) {rF++}
   (You found it on level 4 of the Dungeon)

   It greatly protects you from fire.
 o - a +0 pair of gloves (worn)
Jewellery
 p - a +5 ring of strength (right hand)
 r - a ring of protection from magic (left hand)
 y - an uncursed ring of flight
Scrolls
 d - a scroll of blinking
 e - 5 scrolls of remove curse
 h - 6 scrolls of fog
 j - a scroll of enchant armour
 k - 3 scrolls of amnesia
 t - 3 scrolls of magic mapping
 z - a scroll of identify
Potions
 g - a potion of haste
 m - 4 potions of flight
 s - a potion of resistance
Comestibles
 b - 12 rations
 f - 2 chunks of flesh


   Skills:
 + Level 7.4 Fighting
 - Level 5.0 Armour
 - Level 2.4 Dodging
 - Level 1.5 Stealth
 - Level 5.0 Shields
 * Level 13.1 Unarmed Combat
 + Level 5.5 Invocations
 - Level 0.1 Evocations


You had 9 spell levels left.
You didn't know any spells.
Your spell library contained the following spells:

 Spells                   Type           Power        Failure   Level  Hunger
 Summon Small Mammal      Summ           #...         58%         1    ##.....
 Summon Ice Beast         Ice/Summ       #.......     100%        4    #####..
 Call Imp                 Summ           #.......     75%         2    ###....
 Call Canine Familiar     Summ           #.......     92%         3    ####...
 Summon Lightning Spire   Summ/Air       #.......     100%        4    #####..
 Summon Guardian Golem    Hex/Summ       #.......     92%         3    ####...


Dungeon Overview and Level Annotations

Branches:
Dungeon (8/15)             Temple (1/1) D:5
   Lair: D:8-11

Altars:
Ashenzari
Cheibriados
Dithmenos
Elyvilon
Fedhas
Gozag
Hepliaklqana
Kikubaaqudgha
Makhleb
Nemelex Xobeh
Okawaru
Qazlal
Ru
Sif Muna
Trog
Uskayaw
Vehumet
Wu Jian
Xom
Yredelemnul
Zin
The Shining One

Shops:
D:4 [   D:6 [


Innate Abilities, Weirdness & Mutations

You have a pair of small horns on your head.
Armour fits poorly on your strangely shaped body.
Your muscles are very strong. (Str +4)


Message History

The guardian serpent is heavily wounded.
You block the guardian serpent's attack.
You feel better. The guardian serpent hits you.
* * * LOW HITPOINT WARNING * * *
You closely miss the guardian serpent.
Your headbutt misses the guardian serpent.
The guardian serpent is heavily wounded.
The guardian serpent hits you!
* * * LOW HITPOINT WARNING * * *
You warp the flow of time around you!
You feel somewhat more hungry.
You aren't carrying any items that you can evoke.
Unknown command.
Okay, then.
Blink to where?
Press: ? - help, Dir - move target cursor You are very lightly contaminated with residual magic.
As you read the scroll of blinking, it crumbles to dust.
Found 21 gold pieces.
Found a stone staircase leading up.
The yak gores you.
You die...

# ### ..# #.# #.
#.######## ##.
.......... ..
#(######## #.
.....# ####.####
#(##.# #....Y@.#
#)##.# #.......#
#.##.# ###.......#
#.##.#
#......(.....#
#)##(#
#.#..?....##.#
#†##.####.#.......#
#
#†##.Y............#
#.Y†W........######
#########.####


You could see a yak.

Vanquished Creatures
  Harold (D:8)
  A two-headed ogre (D:8)
  3 hippogriffs
  2 yaks (D:8)
  2 orc warriors
  A phantom (D:8)
  A black bear (D:8)
  A sky beast (D:7)
  2 ogres (D:8)
  3 centaurs
  A crocodile (D:8)
  A big kobold (D:4)
  3 bullfrogs
  2 gnoll sergeants
  A scorpion (D:5)
  7 killer bees
  4 howler monkeys (D:8)
  2 jellies
  2 crimson imps
  A centaur zombie (D:8)
  A quasit (D:6)
  3 centaur skeletons
  3 orc priests
  3 hounds
  Ijyb (D:4)
  2 iguanas
  12 orc wizards
  4 worker ants
  A hound zombie (D:7)
  A hound skeleton (D:5)
  A worker ant zombie (D:8)
  5 gnolls
  14 adders
  3 shadow imps
  5 worms
  A dart slug (D:1)
  4 leopard geckos
  21 orcs
  12 bats
  8 giant cockroaches
  5 hobgoblins
  13 jackals
  2 quokkas
  A ball python skeleton (D:5)
  2 frilled lizards
  9 goblins
  A jackal skeleton (D:8)
  8 kobolds
  2 leopard gecko skeletons (D:6)
  6 rats
195 creatures vanquished.

Notes
Turn   | Place    | Note
-------+----------+-------------------------------------------
     0 | D:1      | inmateoo the Hill Orc Monk began the quest for the Orb.
     0 | D:1      | Reached XP level 1. HP: 19/19 MP: 1/1
   145 | D:1      | Reached XP level 2. HP: 18/27 MP: 2/2
   429 | D:1      | Reached skill level 4 in Unarmed Combat
   491 | D:1      | Reached XP level 3. HP: 32/33 MP: 3/3
   857 | D:2      | Found a blossoming altar of Fedhas.
   928 | D:2      | Reached skill level 5 in Unarmed Combat
   928 | D:2      | Reached XP level 4. HP: 31/40 MP: 4/4
  1870 | D:3      | Reached XP level 5. HP: 22/46 MP: 5/5
  2314 | D:3      | Reached skill level 6 in Unarmed Combat
  2824 | D:3      | Found a basalt altar of Yredelemnul.
  2930 | D:4      | Got a warped robe
  2941 | D:4      | Identified the +2 robe of Pride {rF++} (You found it on level 4 of the Dungeon)
  3525 | D:3      | Reached skill level 7 in Unarmed Combat
  3525 | D:3      | Reached XP level 6. HP: 41/52 MP: 6/6
  3738 | D:4      | Found Deney's Armour Shop.
  3742 | D:4      | Bought a +0 pair of gloves for 45 gold pieces
  3910 | D:4      | Noticed Ijyb
  3953 | D:4      | Killed Ijyb
  3963 | D:4      | Reached skill level 8 in Unarmed Combat
  3986 | D:4      | Found a burning altar of Makhleb.
  4282 | D:4      | Reached XP level 7. HP: 60/60 MP: 7/7
  4376 | D:4      | Found an ornate altar of the Wu Jian Council.
  4393 | D:5      | Entered Level 5 of the Dungeon
  4399 | D:5      | Found an iron altar of Okawaru.
  4541 | D:5      | Found an opulent altar of Gozag.
  4553 | D:5      | Reached skill level 1 in Armour
  4584 | D:5      | Reached skill level 9 in Unarmed Combat
  4650 | D:5      | Found a staircase to the Ecumenical Temple.
  4669 | Temple   | Entered the Ecumenical Temple
  4922 | D:5      | Found a glowing golden altar of the Shining One.
  4959 | D:4      | HP: 3/60 [killer bee (6)]
  5613 | D:5      | Reached XP level 8. HP: 62/67 MP: 8/8
  5946 | D:6      | Reached skill level 1 in Shields
  5956 | D:6      | Reached skill level 10 in Unarmed Combat
  6084 | D:6      | Found Quic's Armour Emporium.
  7197 | D:7      | Found a stormy altar of Qazlal.
  7555 | D:7      | Noticed a hippogriff
  7587 | D:8      | Noticed a two-headed ogre
  7615 | D:7      | Reached skill level 11 in Unarmed Combat
  7631 | D:7      | Found a sparkling altar of Nemelex Xobeh.
  7644 | D:7      | Found a snail-covered altar of Cheibriados.
  7651 | D:7      | Became a worshipper of Cheibriados the Contemplative
  7651 | D:7      | Reached * piety under Cheibriados
  7651 | D:7      | Reached ** piety under Cheibriados
  7656 | D:7      | Reached XP level 9. HP: 17/73 MP: 9/9
  8009 | D:7      | Found a bloodstained altar of Trog.
  8059 | D:7      | Reached skill level 5 in Fighting
  8112 | D:7      | Found a shattered altar of Ashenzari.
  8570 | D:7      | Reached skill level 1 in Invocations
  8624 | D:8      | Killed a two-headed ogre
  8624 | D:8      | Reached skill level 12 in Unarmed Combat
  8708 | D:8      | Found a white marble altar of Elyvilon.
  8944 | D:8      | Reached XP level 10. HP: 72/83 MP: 12/12
  9017 | D:8      | Reached *** piety under Cheibriados
  9172 | D:8      | Reached skill level 5 in Armour
  9172 | D:8      | Reached skill level 5 in Shields
  9369 | D:8      | Noticed Harold
  9386 | D:8      | Gained mutation: Your muscles are strong. (Str +2) [potion of mutation]
  9386 | D:8      | Gained mutation: You have a pair of small horns on your head. [potion of mutation]
  9386 | D:8      | Gained mutation: Armour fits poorly on your strangely shaped body. [potion of mutation]
  9386 | D:8      | Gained mutation: Your muscles are very strong. (Str +4) [potion of mutation]
  9397 | D:8      | HP: 2/84 [Harold/hand axe (19)]
  9406 | D:8      | Killed Harold
  9406 | D:8      | Reached skill level 5 in Invocations
  9435 | D:8      | Reached skill level 13 in Unarmed Combat
  9441 | D:8      | Noticed a guardian serpent
  9451 | D:8      | HP: 1/86 [guardian serpent (shapeshifter) (14)]
  9454 | D:8      | Slain by a yak

Skill      XL: |  1  2  3  4  5  6  7  8  9 10 |
---------------+-------------------------------+-----
Unarmed Combat | 4 5 7 8 9 11 12 13 | 13.1
Fighting       | 4 6 7 |  7.4
Armour         | 1 3 4 5 |  5.0
Shields        | 2 4 5 |  5.0
Invocations    | 3 5 |  5.5
Dodging        | |  2.4
Stealth        | |  1.5
Evocations     | |  0.1

Action                   |  1- 3 |  4- 6 |  7- 9 | 10-12 || total
-------------------------+-------+-------+-------+-------++-------
Melee: Unarmed           |   118 |   287 |   328 |    72 ||   805
       Punch             |       |     2 |       |       ||     2
       Headbutt          |       |       |       |     7 ||     7
Invok: Temporal Distorti |       |       |       |     3 ||     3
Evoke: Wand              |       |       |     3 |    12 ||    15
  Use: Scroll            |       |    13 |     6 |     3 ||    22
       Potion            |       |       |     2 |     6 ||     8
 Stab: Sleeping          |     1 |     6 |     4 |       ||    11
  Eat: Chunk             |       |    10 |     7 |       ||    17
       Ration            |       |       |     2 |     1 ||     3
Armor: Robe              |    19 |    78 |    96 |    21 ||   214
Dodge: Dodged            |    93 |   144 |   144 |    19 ||   400
Block: Shield            |       |     6 |   134 |    44 ||   184
